 Dungeon Crawl Stone Soup version 0.25-a0-413-g3b4b6a4ccc (webtiles) character file.

Game seed: 17781136186464459337, levelgen mode: deterministic

42 Napalmbreeze the Poker (level 3, -2/29 HPs)
             Began as a Merfolk Skald on Jan 14, 2020.
             Slain by an orc wizard
             ... wielding a +0 dagger
              (3 damage)
             ... on level 2 of the Dungeon.
             The game lasted 00:02:08 (1115 turns).

Napalmbreeze the Poker (Merfolk Skald)              Turns: 1115, Time: 00:02:09

Health: -2/29      AC:  3    Str: 11    XL:     3   Next: 56%
Magic:  6/6        EV: 12    Int: 13    God:
Gold:   62         SH:  0    Dex: 13    Spells: 3/6 levels left

rFire    . . .     SeeInvis .   a - +0 spear
rCold    . . .     Gourm    .   (no shield)
rNeg     . . .     Faith    .   b - +0 leather armour
rPois    .         Spirit   .   (no helmet)
rElec    .         Reflect  .   (no cloak)
rCorr    .         Harm     .   (no gloves)
MR       .....                  (no boots)
Stlth    +.........             (no amulet)
HPRegen  0.09/turn              (no ring)
MPRegen  0.10/turn              (no ring)

@: confused
A: change form in water, swift swim, stealthy swim
a: no special abilities


You were on level 2 of the Dungeon.
You were not hungry.

You visited 1 branch of the dungeon, and saw 2 of its levels.

You collected 62 gold pieces.

Inventory:

Hand Weapons
 a - a +0 spear (weapon)
Armour
 b - a +0 leather armour (worn)
Scrolls
 f - 2 scrolls of enchant weapon {unknown}
 h - a scroll of immolation {unknown}
 i - 2 scrolls of remove curse {unknown}
 k - a scroll of amnesia {unknown}
 l - 4 scrolls of identify {unknown}
 m - a scroll of random uselessness {unknown}
Potions
 g - a potion of degeneration {unknown}
 j - a potion of curing {unknown}
Comestibles
 c - a chunk of flesh
 d - 5 rations


   Skills:
 * Level 3.6 Fighting
 + Level 3.9 Polearms
 - Level 0.6 Armour
 - Level 3.0 Dodging
 - Level 2.0 Spellcasting
 - Level 3.2 Charms


You had 3 spell levels left.
You knew the following spells:

 Your Spells              Type           Power        Failure   Level  Hunger
a - Infusion              Chrm           #...         9%          1    ##.....
d - Song of Slaying       Chrm           #.......     13%         2    ###....

Your spell library contained the following spells:

 Spells                   Type           Power        Failure   Level  Hunger
 Shroud of Golubria       Chrm/Tloc      #.....       26%         2    ###....
 Ozocubu's Armour         Chrm/Ice       #.......     45%         3    ####...
 Spectral Weapon          Hex/Chrm       #.......     45%         3    ####...


Dungeon Overview and Level Annotations

Branches:
Dungeon (2/15)

Altars:


Message History

You miss the orc wizard.
The orc wizard gestures wildly while chanting.
The orc wizard flickers and vanishes!
Deactivating autopickup; reactivate with Ctrl-A.
The orc priest calls down the wrath of Beogh upon you.
Pain shoots through your body!
Unknown command.
You're too confused to move!
Something hits you but does no damage.
The orc priest calls down the wrath of Beogh upon you.
Beogh smites you!
* * * LOW HITPOINT WARNING * * *
Unknown command.
You completely miss something. Something hits you.
* * * LOW HITPOINT WARNING * * *
Unknown command.
You completely miss something.
The orc priest hits you with a +0 dagger.
* * * LOW HITPOINT WARNING * * *
Something hits you.
You die...

#...# # #...# #
#...# #...#####
#..)....###########
#...##......)......
#..)####....######.
#...# ###....#####
#.@{# #..#...###
###o# ##..#.....
#.# ###.(...#.# #.#
##...###.#.# #.#
#..### #.... #.##
#### ##... #..#
##.. ##.# ### #.#
...


You could see an orc priest.

Vanquished Creatures
  An adder (D:2)
  A worm (D:2)
  An orc (D:2)
  3 bats
  A giant cockroach (D:1)
  A goblin (D:1)
  4 hobgoblins
  4 jackals (D:1)
  A ball python (D:1)
  3 frilled lizards (D:1)
  5 kobolds
  2 rats (D:1)
27 creatures vanquished.

Notes
Turn   | Place    | Note
-------+----------+-------------------------------------------
     0 | D:1      | Napalmbreeze the Merfolk Skald began the quest for the Orb.
     0 | D:1      | Reached XP level 1. HP: 16/16 MP: 3/3
    84 | D:1      | Reached XP level 2. HP: 6/23 MP: 5/5
   792 | D:1      | Reached XP level 3. HP: 29/29 MP: 6/6
   802 | D:1      | Learned a level 2 spell: Song of Slaying
  1115 | D:2      | HP: 1/29 [orc priest/+0 dagger (3)]
  1115 | D:2      | Slain by an orc wizard

Levels and vault maps discovered:
D:1:      dpeg_arrival_simpleton_b, layout_loops_cross
D:2:      layout_rooms

Skill      XL: |  1  2 |
---------------+-------+-----
Dodging        | 3 |  3.0
Fighting       | 3 |  3.6
Polearms       | |  3.9
Armour         | |  0.6
Spellcasting   | |  2.0
Charms         | |  3.2

Action                   || total
-------------------------++-------
Melee: Spear             ||   120
 Cast: Infusion          ||     4
  Use: Potion            ||     1
  Eat: Chunk             ||     1
Armor: Leather armour    ||    26
Dodge: Dodged            ||    56

Table legend:
 A = Non-vault XP
 B = Vault XP
 C = Vault XP percentage of total XP
 D = Non-vault monster count
 E = Vault monster count
 F = Vault count percentage of total count
                 A         B        C        D         E       F
            +---------+---------+-------+---------+---------+-------
      Total |      61 |       0 |   0.0 |      27 |       0 |   0.0
            +---------+---------+-------+---------+---------+-------
        D:1 |      35 |       0 |   0.0 |      21 |       0 |   0.0
        D:2 |      26 |       0 |   0.0 |       6 |       0 |   0.0
            +---------+---------+-------+---------+---------+-------
